 Dungeon Crawl Stone Soup version 0.20.1-1-g8b1a95d (webtiles) character file.

123 corax the Skirmisher (level 4, -7/37 HPs)
             Began as a Mummy Fighter on Aug 22, 2017.
             Mangled by a mummy (13 damage)
             ... on level 4 of the Dungeon.
             The game lasted 00:04:47 (1642 turns).

corax the Skirmisher (Mummy Fighter)                Turns: 1642, Time: 00:04:47

Health: -7/37      AC:  7    Str: 20    XL:     4   Next: 80%
Magic:  4/4        EV:  9    Int:  7    God:
Gold:   229        SH:  0    Dex: 11    Spells: 3/3 levels left

rFire    x . .     SeeInvis .   a - +0 long sword
rCold    + . .     Gourm    .   (no shield)
rNeg     + + +     Faith    .   b - +0 scale mail
rPois    ∞         Spirit   .   (no helmet)
rElec    .         Reflect  .   (no cloak)
rCorr    .         Harm     .   (no gloves)
MR       .....                  h - +0 pair of boots
Stlth    ..........             (no amulet)
Regen    0.2/turn               (no ring)
MPRegen  0.1/turn               (no ring)

@: no status effects
A: no food or potions, fire vulnerability, cold resistance 1, negative energy
resistance 3, torment resistance, unbreathing
a: no special abilities


You were on level 4 of the Dungeon.
You were not hungry.

You visited 1 branch of the dungeon, and saw 4 of its levels.

You collected 229 gold pieces.

Inventory:

Hand Weapons
 a - a +0 long sword (weapon)
Armour
 b - a +0 scale mail (worn)
 c - a +0 shield
 h - a +0 pair of boots (worn)
Wands
 j - a wand of iceblast (9/15)
Scrolls
 d - 3 scrolls of teleportation {unknown}
 e - a scroll of remove curse {unknown}
 f - 2 scrolls of identify {unknown}
 g - a scroll of enchant weapon {unknown}
 i - a scroll of blinking {unknown}
 k - a scroll of enchant armour {unknown}


   Skills:
 + Level 4.0 Fighting
 + Level 2.3 Long Blades
 + Level 3.0 Armour
 - Level 3.0 Shields


You had 3 spell levels left.
You didn't know any spells.

Dungeon Overview and Level Annotations

Branches:
Dungeon (4/15)
 Temple: D:4-7

Altars:
Elyvilon
Hepliaklqana
Okawaru
Vehumet
Xom

Shops:
D:4 (

Portals:
Ossuary: D:4


Innate Abilities, Weirdness & Mutations

You do not eat or drink.
Your flesh is vulnerable to fire.
You are immune to poison.
Your flesh is cold resistant. (rC+)
You are immune to negative energy. (rN+++)
You are immune to unholy pain and torment.
You can survive without breathing.


Message History

The mummy is lightly damaged.
The mummy hits you!
You hit the mummy.
The mummy is moderately damaged.
The mummy hits you!
* * * LOW HITPOINT WARNING * * *
You hit the mummy.
The mummy is heavily damaged.
The mummy hits you but does no damage.
You hit the mummy.
The mummy is heavily damaged.
The mummy barely misses you.
You hit the mummy but do no damage.
The mummy is heavily damaged.
You hit the mummy.
The mummy is severely damaged.
The mummy hits you.
* * * LOW HITPOINT WARNING * * *
The mummy hits you!
You die...

...........#.###..#
## .##...##..##..#
.. #..###...#..# ..
...##.'......# ..
.... ###...#..# ..
... #..##..# .. ..
#.###..# ..
#..##∩M.### # .....
###@..# .......
#...# ....... #...#
....... ....#
####### ....#
.....# .....#
#.....#


You could see a mummy.

Vanquished Creatures
  A hound (D:4)
  4 adders
  An ooze (D:2)
  A worm (D:2)
  A dart slug (D:1)
  4 leopard geckos
  3 bats
  3 giant cockroaches
  2 goblins
  8 hobgoblins
  2 jackals (D:1)
  2 frilled lizards
  2 hobgoblin zombies (D:4)
  6 kobolds
  8 rats
48 creatures vanquished.

Notes
Turn   | Place    | Note
-------+----------+-------------------------------------------
     0 | D:1      | corax the Mummy Fighter began the quest for the Orb.
     0 | D:1      | Reached XP level 1. HP: 18/18 MP: 1/1
   125 | D:2      | Reached XP level 2. HP: 14/24 MP: 2/2
   374 | D:1      | Reached XP level 3. HP: 23/29 MP: 3/3
   948 | D:2      | Found an iron altar of Okawaru.
  1007 | D:2      | Found a shimmering altar of Xom.
  1059 | D:2      | Reached XP level 4. HP: 37/37 MP: 4/4
  1079 | D:2      | Found a radiant altar of Vehumet.
  1094 | D:2      | Found a hazy altar of Hepliaklqana.
  1462 | D:4      | Reached skill level 4 in Fighting
  1503 | D:4      | Found a white marble altar of Elyvilon.
  1518 | D:4      | Found Buzxin's Antique Weapon Shoppe.
  1632 | D:4      | Found a sand-covered staircase.
  1642 | D:4      | Mangled by a mummy

Skill      XL: |  1  2  3  4 |
---------------+-------------+-----
Long Blades    | 2 |  2.3
Fighting       | 4 |  4.0
Armour         | 3 |  3.0
Shields        | 3 |  3.0

Action                   |  1- 3 |  4- 6 || total
-------------------------+-------+-------++-------
Melee: Long sword        |   109 |    60 ||   169
Armor: Scale mail        |    82 |    23 ||   105
Dodge: Dodged            |    67 |    30 ||    97
       Rpst.: Long sword |    24 |     7 ||    31
